 Dungeon Sprint DCSS version 0.29-a0-872-g797fff5ad1 (console) character file.

Game seed: 15947985587101935698

1455 howech the Cleaver (level 8, -10/79 HPs)
             Began as a Minotaur Fighter on July 18, 2022.
             Was a High Priest of Trog.
             Collided with a metal wall (14 damage)
             ... caused by Erica
             ... in the Dungeon (Sprint VII: "The Pits").
             The game lasted 00:08:29 (1060 turns).

howech the Cleaver (Minotaur Fighter)               Turns: 1060, Time: 00:08:29

Health: -10/79     AC: 11    Str: 25    XL:     8   Next: 47%
Magic:  7/7        EV:  8    Int:  5    God:    Trog [*****.]
Gold:   0          SH:  6    Dex: 14    Spells: 7/7 levels left

rFire   . . .      SeeInvis .   t - +1 broad axe (venom)
rCold   . . .      Faith    .   c - +0 buckler
rNeg    . . .      Spirit   .   u - +4 chain mail
rPois   .          Reflect  .   (helmet restricted)
rElec   .          Harm     .   (no cloak)
rCorr   .          Rampage  .   (no gloves)
Will    ++...      NoTele   +   (no boots)
Stlth   ..........              (no amulet)
HPRegen 1.23/turn               r - +3 ring of dexterity
MPRegen 0.10/turn               s - +3 ring of strength

@: strong-willed, corroded, on berserk cooldown, regenerating, slowed, very slow
A: horns 2, retaliatory headbutt
a: Renounce Religion, Berserk, Trog's Hand, Brothers in Arms


You were in the Dungeon.
You worshipped Trog.
Trog was extremely pleased with you.
You visited 1 branch

Inventory:

Hand Weapons
 a - a +0 war axe
 t - a +1 broad axe of venom (weapon)
 v - a +3 vorpal quick blade
Armour
 b - a +0 scale mail
 c - a +0 buckler (worn)
 n - a +2 plate armour
 p - +0 acid dragon scales
 q - +0 steam dragon scales
 u - a +4 chain mail (worn)
Jewellery
 r - a +3 ring of dexterity (left hand)
 s - a +3 ring of strength (right hand)
Wands
 o - a wand of flame (29)
Scrolls
 j - a scroll of blinking
 l - 5 scrolls of amnesia
 m - a scroll of summoning
Potions
 d - a potion of might
 e - 5 potions of curing
 f - 12 potions of heal wounds
 g - 2 potions of haste
 h - 4 potions of magic
 i - 5 potions of berserk rage
 k - 2 potions of invisibility


   Skills:
 + Level 10.1 Fighting
 * Level 13.2 Axes
 + Level 10.0 Armour
 + Level 9.9 Shields
 + Level 7.0 Evocations


You had 7 spell levels left.
You didn't know any spells.
Your spell library was empty.

Dungeon Overview and Level Annotations

Branches:
Dungeon (1/1)

Altars:
Ashenzari
Cheibriados
Dithmenos
Elyvilon
Fedhas
Gozag
Hepliaklqana
Kikubaaqudgha
Makhleb
Nemelex Xobeh
Okawaru
Qazlal
Ru
Sif Muna
Trog
Uskayaw
Vehumet
Wu Jian
Xom
Yredelemnul
Zin
The Shining One
Jiyva
Lugonu

Annotations:
D Erica


Innate Abilities, Weirdness & Mutations

You have a pair of horns on your head.
You reflexively headbutt those who attack you in melee.


Message History

The black bear barely misses you. You furiously retaliate!
You headbutt the black bear, but do no damage.
The black bear barely misses you. The black bear closely misses you.
Erica casts a spell at you. The bolt of poison misses you.
Unknown command.
You barely miss the black bear. Your headbutt misses the black bear.
The black bear is severely wounded.
You slash Erica! You barely miss the wyvern.
The wyvern hisses menacingly.
You block the wyvern's attack.
The wyvern bites you but does no damage.
The black bear bites you. The black bear barely misses you.
The black bear claws you but does no damage.
Erica hits you with a +4 scimitar of flaming!
Erica burns you.
The wyvern bites you but does no damage.
Unknown command.
Unknown command.
You slash Erica!
Erica looks as sick as possible!
You headbutt Erica, but do no damage.
Erica is heavily wounded.
You slice the black bear!!
You kill the black bear!
Trog accepts your kill.
You closely miss the wyvern.
You kill the wyvern!
Trog accepts your kill. Trog grants you a weapon!
Something appears at your feet!
You see here a +3 vorpal broad axe.
Erica hits you with a +4 scimitar of flaming.
Erica burns you.
The jumping spider pounces on you but does no damage.
The jumping spider bites you but does no damage.
Erica points at you and mumbles some strange words.
The lance of force hits you!!
* * * LOW HITPOINT WARNING * * *
You are knocked back by the lance of force.
You slam into the metal wall!
You die...

'#####......#..#......#
.#..##..))............#
.)..#####)#####''#####
##'###.......##''#
.†..##.......##..#
....##.......##..# #
'#####...<...##..# .##
))..##.......##..# l..#
))[.##.......##.@## .....
######.......##@s.##......
.#..###########....'......
.#)############...##......
.#÷#....#...[##..## .....
.#'#....#..[[##..# ...#
.#.÷....'..))##..# .##
.#'#....#...)##..# #
.÷.#....#..))##..#


You could see Erica (extremely poisoned) and a jumping spider.

Vanquished Creatures
  A wyvern (D)
  A shadow (D)
  2 redbacks (D)
  A steam dragon (D)
  Duvessa (D)
  An acid dragon (D)
  A water moccasin (D)
  An orc warrior (D)
  A black bear (D)
  An ice beast (D)
  A bullfrog (D)
  Dowan (D)
  2 crimson imps (D)
  A hound (D)
  A jelly (D)
  2 orc priests (D)
  An iron imp (D)
  3 orc wizards (D)
  An adder (D)
  4 orcs (D)
  2 endoplasms (D)
  A giant cockroach (D)
  A goblin (D)
  3 jackals (D)
  A kobold (D)
  A ball python (D)
  A bat (D)
  2 frilled lizards (D)
  A rat (D)
41 creatures vanquished.

Notes
Turn   | Place    | Note
-------+----------+-------------------------------------------
     0 | D        | howech the Minotaur Fighter began the quest for the Orb.
     0 | D        | Reached XP level 1. HP: 19/19 MP: 0/0
    17 | D        | Reached skill level 3 in Axes
    43 | D        | Found a glowing golden altar of the Shining One.
    43 | D        | Found a glowing silver altar of Zin.
    43 | D        | Found a basalt altar of Yredelemnul.
    43 | D        | Found a shimmering altar of Xom.
    43 | D        | Found an ornate altar of the Wu Jian Council.
    43 | D        | Found a bloodstained altar of Trog.
    43 | D        | Found a shimmering blue altar of Sif Muna.
    43 | D        | Found a sacrificial altar of Ru.
    43 | D        | Found a stormy altar of Qazlal.
    43 | D        | Found an iron altar of Okawaru.
    43 | D        | Found a sparkling altar of Nemelex Xobeh.
    43 | D        | Found a burning altar of Makhleb.
    43 | D        | Found a viscous altar of Jiyva.
    43 | D        | Found a hazy altar of Hepliaklqana.
    43 | D        | Found an opulent altar of Gozag.
    43 | D        | Found a blossoming altar of Fedhas.
    43 | D        | Found a white marble altar of Elyvilon.
    43 | D        | Found a shadowy altar of Dithmenos.
    43 | D        | Found a snail-covered altar of Cheibriados.
    45 | D        | Found a corrupted altar of Lugonu.
    45 | D        | Found a radiant altar of Vehumet.
    46 | D        | Became a worshipper of Trog the Wrathful
    47 | D        | Found an ancient bone altar of Kikubaaqudgha.
    47 | D        | Found a hide-covered altar of Uskayaw.
    47 | D        | Found a broken altar of Ashenzari.
    66 | D        | Reached skill level 1 in Evocations
    70 | D        | Reached * piety under Trog
    76 | D        | Reached XP level 2. HP: 26/27 MP: 1/1
    77 | D        | Noticed a crimson imp
    80 | D        | Killed a crimson imp
    81 | D        | Reached skill level 5 in Axes
    81 | D        | Reached XP level 3. HP: 35/35 MP: 2/2
    81 | D        | Reached ** piety under Trog
    84 | D        | Reached skill level 5 in Fighting
    84 | D        | Reached skill level 5 in Armour
    98 | D        | Reached skill level 5 in Shields
   160 | D        | Noticed an ice beast
   160 | D        | Noticed a bullfrog
   161 | D        | Noticed an orc warrior
   166 | D        | Killed an ice beast
   167 | D        | Reached skill level 7 in Axes
   167 | D        | Reached XP level 4. HP: 44/44 MP: 3/3
   167 | D        | Reached XP level 5. HP: 50/50 MP: 4/4
   168 | D        | Reached *** piety under Trog
   169 | D        | Reached skill level 8 in Axes
   171 | D        | Noticed a water moccasin
   172 | D        | Noticed Dowan
   174 | D        | Killed an orc warrior
   175 | D        | Reached skill level 9 in Axes
   175 | D        | Reached XP level 6. HP: 60/60 MP: 5/5
   177 | D        | Noticed Duvessa
   178 | D        | Reached **** piety under Trog
   183 | D        | Killed a water moccasin
   184 | D        | Reached skill level 10 in Axes
   184 | D        | Reached skill level 5 in Evocations
   191 | D        | Killed Duvessa
   192 | D        | Reached XP level 7. HP: 58/69 MP: 6/6
   197 | D        | Killed Dowan
   201 | D        | Reached skill level 11 in Axes
   536 | D        | Reached ***** piety under Trog
   595 | D        | Noticed a redback
   603 | D        | Killed a redback
   604 | D        | Reached skill level 12 in Axes
   608 | D        | Noticed a steam dragon
   615 | D        | Killed a steam dragon
   616 | D        | Reached XP level 8. HP: 25/78 MP: 7/7
   972 | D        | Received a gift from Trog
   996 | D        | Reached skill level 10 in Fighting
   996 | D        | Reached skill level 13 in Axes
   996 | D        | Reached skill level 10 in Armour
  1047 | D        | Noticed a jumping spider
  1047 | D        | Noticed Erica
  1060 | D        | Received a gift from Trog
  1060 | D        | Collided with a metal wall

Illustrated notes

Levels and vault maps discovered:
D:        pitsprint [storerooms_1, entrance_room_1, metal_vault_3, armoury_2,
          mini_pit_1, grid_room_1, main_hall_1, silver_pit, the_coven_1,
          the_vestibule_1, steel_vault_4, golden_pit, hallway_of_sentries,
          crystal_vault_6, iron_vault_2, final_vault]

Skill      XL: |  1  2  3  4  5  6  7  8 |
---------------+-------------------------+-----
Axes           | 3 5 7 9 10 12 13 | 13.2
Armour         | 4 6 7 8 9 10 | 10.0
Shields        | 4 6 7 8 9 |  9.9
Evocations     | 1 2 3 4 5 6 7 |  7.0
Fighting       | 4 6 7 8 9 10 | 10.1

Action                   |  1- 3 |  4- 6 |  7- 9 || total
-------------------------+-------+-------+-------++-------
Melee: War axe           |    23 |    22 |    38 ||    83
       Headbutt          |     2 |     5 |    12 ||    19
       Broad axe         |       |       |    18 ||    18
Invok: Berserk           |     2 |       |     3 ||     5
       Trog's Hand       |     1 |       |     4 ||     5
  Use: Potion            |       |       |     4 ||     4
Armor: Scale mail        |     9 |       |       ||     9
       Plate armour      |     1 |    17 |    34 ||    52
       Chain mail        |       |       |    19 ||    19
Dodge: Dodged            |    13 |     2 |    17 ||    32
Block: Buckler           |     9 |     4 |    15 ||    28

Table legend: (Time is in decaauts)
 A = Elapsed time spent in this place.
 B = Non-inter-level travel time spent in this place.
 C = Inter-level travel time spent in this place.
 D = Time resting spent in this place.
 E = Time spent auto-exploring this place.
 F = Levels seen in this place.
 G = Mean time per level.
                   A        B        C        D        E       F      G
               +--------+--------+--------+--------+--------+-----+--------+
         Total |   1107 |   1107 |      0 |    593 |      0 |   1 | 1107.0 |
       Dungeon |   1107 |   1107 |      0 |    593 |      0 |   1 | 1107.0 |
               +--------+--------+--------+--------+--------+-----+--------+

Top non-repeatable levels by time:
       D: 1107 daAuts
